Map: Blackburn LE

Players

Lambo

  • Race: Zerg Zerg

Denver - Winner!

  • Race: Zerg Zerg

Event: DreamHack SC2 Masters 2021 Winter

VOD

Have the link to the VOD?

Description

Time

  • Played on: Oct. 14, 2021, 10:25 a.m.
  • Length: 4:24

All games in this series

Show
View Real Time Build Order
Export as new Build Order

Lambo Zerg 

Build Orders: Hatch First 

Get SALT Encoding   

  12  0:00  Drone  
  13  0:12  Overlord  
  13  0:17  Drone  
  14  0:31  Drone x2  
  16  0:47  Hatchery  
  15  0:51  Drone  
  15  0:54  Drone  
  17  0:58  Drone  
  18  1:08  Extractor  
  17  1:13  Spawning Pool  
  17  1:16  Drone  
  17  1:20  Drone  
  18  1:27  Drone  
  19  1:39  Drone  
  20  1:59  Zergling x2  
  20  2:00  Zergling x2, Queen x2  
  27  2:03  Spine Crawler  
  25  2:13  Zergling x4  
  27  2:24  Zergling x2  
  28  2:34  Zergling x2  
  27  2:37  Zergling x2  
  27  2:46  Zergling x2  
  28  3:02  Overlord  
  28  3:05  Queen, Extractor x2  
  30  3:19  Queen  
  30  3:21  Drone x2, Overlord  
  30  3:25  Drone  
  34  3:33  Zergling x2  
  30  3:37  Zergling x2  
  30  3:41  Queen  
  29  3:47  Zergling x2  
  18  3:56  Drone x2  
Show
View Real Time Build Order
Export as new Build Order

Denver Zerg - Winner!

Build Orders: 1 Base Baneling Bust, Pool First 

Get SALT Encoding   

  12  0:00  Drone  
  13  0:11  Extractor  
  12  0:23  Spawning Pool  
  11  0:29  Drone  
  11  0:34  Drone  
  13  0:40  Drone  
  14  0:52  Overlord  
  14  1:11  Metabolic Boost, Zergling x4  
  16  1:15  Zergling x2  
  17  1:25  Zergling x2  
  18  1:30  Baneling Nest  
  17  1:34  Zergling x2  
  18  1:44  Zergling x2  
  19  1:55  Zergling x2  
  20  2:06  Zergling x2  
  21  2:16  Baneling x2  
  21  2:18  Zergling x2  
  22  2:25  Hatchery  
  21  2:37  Baneling  
  21  2:38  Baneling  
  20  2:48  Zergling x2  
  20  2:49  Zergling x2  
  21  2:54  Overlord  
  21  3:07  Baneling  
  21  3:12  Queen  
  23  3:14  Drone  
  23  3:15  Drone  
  25  3:32  Drone x2  
  26  3:37  Drone  
  26  3:39  Baneling  
  27  3:42  Queen  
  26  3:57  Drone x2  
  26  3:58  Drone  
  27  4:07  Drone x2  

Tags
 
Add a new tag
Caveats
  • Supply blocks, unpowered buildings, or Contaminate may cause inaccurate times.
  • Supply counts are checked every 10 seconds.